Map: Lerilak Crest

Players

ShoWTimE

  • Race: Protoss Protoss
  • League: Master

Serral - Winner!

  • Race: Zerg Zerg
  • League: Grandmaster

Event: NationWars III

VOD

Have the link to the VOD?

Description

Time

  • Played on: Dec. 13, 2015, 3:57 p.m.
  • Length: 17:17

All games in this series

Show
View Real Time Build Order
Export as new Build Order

ShoWTimE Protoss 

Build Orders: Nexus First, Oracle Opening 

Get SALT Encoding   

  12  0:01  Probe (Chrono Boost)  
  13  0:11  Probe (Chrono Boost)  
  14  0:17  Pylon  
  14  0:22  Probe (Chrono Boost)  
  15  0:36  Probe (Chrono Boost)  
  16  0:46  Probe (Chrono Boost)  
  17  1:00  Nexus  
  17  1:10  Gateway  
  17  1:13  Probe (Chrono Boost)  
  18  1:22  Assimilator  
  18  1:24  Probe (Chrono Boost)  
  19  1:28  Assimilator  
  19  1:34  Probe (Chrono Boost)  
  20  1:45  Probe (Chrono Boost)  
  21  1:55  Probe (Chrono Boost)  
  21  1:57  Cybernetics Core  
  22  2:06  Probe (Chrono Boost)  
  23  2:12  Probe (Chrono Boost)  
  24  2:17  Probe (Chrono Boost)  
  25  2:23  Probe (Chrono Boost)  
  25  2:27  Probe (Chrono Boost)  
  27  2:32  Probe (Chrono Boost)  
  27  2:33  Adept (Chrono Boost), Pylon  
  27  2:34  Warp Gate  
  30  2:38  Probe  
  30  2:40  Stargate  
  30  2:42  Probe  
  32  2:52  Mothership Core, Probe  
  32  2:57  Adept (Chrono Boost)  
  37  3:04  Probe  
  38  3:12  Probe (Chrono Boost)  
  38  3:14  Pylon  
  38  3:16  Probe (Chrono Boost)  
  40  3:20  Adept (Chrono Boost)  
  40  3:22  Probe (Chrono Boost)  
  43  3:30  Oracle (Chrono Boost)  
  43  3:32  Probe  
  43  3:33  Probe, Pylon  
  48  3:43  Probe  
  48  3:45  Probe  
  50  3:54  Probe  
  51  3:57  Probe  
  52  4:04  Probe  
  52  4:09  Probe  
  52  4:10  Nexus  
  52  4:12  Pylon  
  52  4:16  Probe (Chrono Boost)  
  53  4:17  Forge  
  53  4:19  Void Ray (Chrono Boost), Pylon  
  53  4:21  Probe (Chrono Boost)  
  58  4:27  Probe (Chrono Boost)  
  58  4:30  Gateway  
  59  4:31  Gateway  
  59  4:32  Probe (Chrono Boost)  
  59  4:38  Probe (Chrono Boost), Assimilator  
  61  4:42  Probe (Chrono Boost), Assimilator  
  61  4:44  Protoss Ground Weapons Level 1  
  62  4:48  Probe (Chrono Boost)  
  62  4:49  Twilight Council  
  63  4:53  Probe (Chrono Boost)  
  63  4:59  Probe (Chrono Boost)  
  65  5:03  Probe (Chrono Boost)  
  66  5:09  Probe (Chrono Boost)  
  66  5:10  Gateway  
  66  5:12  Gateway  
  66  5:14  Probe (Chrono Boost), Gateway  
  68  5:20  Probe (Chrono Boost)  
  69  5:23  Sentry  
  69  5:24  Probe (Chrono Boost)  
  69  5:28  Resonating Glaives (Chrono Boost), Pylon  
  72  5:29  Probe (Chrono Boost)  
  72  5:30  Probe (Chrono Boost)  
  72  5:35  Probe (Chrono Boost)  
  75  5:38  Probe (Chrono Boost)  
  75  5:40  Probe, Pylon  
  75  5:42  Robotics Facility  
  77  5:46  Probe  
  75  5:50  Sentry, Stalker x2  
  75  5:53  Probe, Assimilator  
  75  5:54  Probe  
  83  5:57  Assimilator  
  83  6:05  Pylon  
  83  6:09  Pylon, Photon Cannon  
  83  6:13  Adept x2  
  83  6:14  Adept x4  
  96  6:18  Probe  
  96  6:22  Probe  
  96  6:25  Pylon  
  97  6:31  Protoss Ground Weapons Level 2  
  97  6:32  Photon Cannon  
  97  6:38  Pylon x2  
  97  6:39  Adept x6  
  109  6:44  Photon Cannon, Blink (Chrono Boost)  
  109  6:55  Warp Prism (Chrono Boost)  
  111  7:03  Stalker x3  
  117  7:10  Pylon  
  117  7:15  Adept  
  117  7:16  Adept x2  
  117  7:22  Pylon  
  123  7:24  Robotics Bay  
  123  7:27  Observer (Chrono Boost)  
  124  7:44  Stalker x6  
  134  7:56  Photon Cannon  
  134  7:57  Pylon  
  134  7:59  Pylon  
  134  8:03  Robotics Facility  
  134  8:10  Adept x4  
  142  8:13  Stalker x2  
  142  8:15  Disruptor (Chrono Boost)  
  149  8:29  Pylon  
  149  8:33  Adept x2  
  149  8:34  Adept x2  
  151  8:41  Adept x2  
  157  8:46  Disruptor (Chrono Boost)  
  157  8:47  Photon Cannon  
  159  8:49  Pylon  
  159  8:55  Stalker x2  
  161  8:58  Stalker x2  
  166  9:07  Disruptor (Chrono Boost)  
  162  9:10  Stalker x2  
  162  9:14  Probe  
  168  9:17  Disruptor (Chrono Boost)  
  166  9:33  Stalker  
  166  9:34  Stalker x4  
  166  9:35  Protoss Ground Weapons Level 3  
  179  9:42  Disruptor (Chrono Boost)  
  171  9:48  Disruptor (Chrono Boost)  
  174  9:54  Nexus  
  174  9:57  Pylon  
  174  9:59  Pylon  
  174  10:03  Stalker  
  174  10:04  Stalker x2  
  180  10:08  Pylon  
  180  10:09  Pylon  
  180  10:12  Photon Cannon  
  180  10:17  Adept x3  
  186  10:26  Disruptor (Chrono Boost)  
  189  10:31  Disruptor (Chrono Boost)  
  186  10:37  Stalker x3  
  192  10:49  Stalker x2  
  178  10:55  Stalker  
  169  10:57  Disruptor (Chrono Boost)  
  170  11:05  Observer (Chrono Boost)  
  169  11:14  Stalker x3  
  175  11:19  Nexus  
  175  11:23  Pylon  
  175  11:24  Pylon  
  176  11:28  Disruptor (Chrono Boost)  
  176  11:45  Adept x5  
  176  11:46  Adept  
  193  12:01  Immortal (Chrono Boost)  
  193  12:02  Nexus  
  193  12:04  Pylon  
  187  12:14  Adept x2  
  177  12:27  Zealot x2  
  177  12:28  Zealot  
  172  12:34  Adept, Pylon  
  172  12:35  Adept x2  
  172  12:36  Immortal (Chrono Boost)  
  174  12:45  Photon Cannon  
  174  12:48  Photon Cannon  
  174  12:54  Robotics Facility  
  172  13:09  Observer (Chrono Boost)  
  169  13:14  Adept x3  
  170  13:28  Disruptor (Chrono Boost)  
  132  13:37  Templar Archives  
  132  13:38  Stalker x2  
  125  13:50  Immortal (Chrono Boost)  
  121  13:59  Observer (Chrono Boost)  
  120  14:08  Pylon  
  120  14:09  Pylon  
  119  14:11  Pylon  
  119  14:13  Pylon  
  119  14:18  Immortal (Chrono Boost)  
  123  14:24  High Templar x4  
  123  14:25  Immortal (Chrono Boost)  
  123  14:26  High Templar x2  
  139  14:31  Archon x3  
  137  14:52  Immortal (Chrono Boost)  
  141  14:59  Zealot  
  143  15:00  Adept x2  
  143  15:01  Adept  
  137  15:21  High Templar x2  
  137  15:22  High Templar x2  
  137  15:28  Archon x2  
  145  15:29  Stalker  
  145  15:31  Nexus  
  147  15:36  Pylon  
  147  15:56  Zealot  
  143  15:57  Zealot  
  143  15:58  Zealot  
  143  16:01  Zealot  
  147  16:04  High Templar  
  120  16:25  Zealot  
  78  16:56  Sentry  
Show
View Real Time Build Order
Export as new Build Order

Serral Zerg - Winner!

Build Orders: Hatch First, Lurkers 

Get SALT Encoding   

  12  0:02  Drone  
  13  0:13  Overlord  
  13  0:17  Drone  
  14  0:31  Drone x2  
  14  0:35  Drone  
  17  0:52  Hatchery  
  17  0:55  Drone  
  17  1:09  Spawning Pool  
  17  1:11  Drone  
  17  1:15  Drone  
  18  1:36  Hatchery  
  18  1:38  Drone  
  18  1:40  Drone  
  18  1:43  Drone  
  20  1:56  Queen  
  22  2:04  Zergling x2  
  22  2:06  Queen  
  25  2:11  Overlord  
  25  2:14  Drone  
  26  2:17  Zergling x2  
  26  2:19  Drone  
  28  2:29  Drone x2  
  30  2:34  Drone  
  31  2:39  Drone  
  31  2:41  Queen  
  34  2:46  Drone  
  34  2:48  Queen  
  34  2:49  Drone  
  38  2:54  Overlord  
  38  2:57  Drone  
  40  2:58  Drone  
  40  3:00  Drone  
  41  3:07  Drone, Extractor x2  
  41  3:10  Overlord  
  41  3:12  Drone x2  
  41  3:14  Drone  
  41  3:16  Drone  
  43  3:20  Drone  
  43  3:21  Drone  
  43  3:22  Drone  
  46  3:31  Zergling x2  
  46  3:32  Zergling x2  
  48  3:35  Drone, Roach Warren  
  48  3:40  Drone x2  
  48  3:41  Drone  
  51  3:43  Overlord  
  51  3:44  Drone  
  52  3:49  Drone, Spore Crawler  
  52  3:54  Drone x2  
  52  3:55  Drone  
  55  4:00  Spore Crawler  
  54  4:05  Spore Crawler  
  54  4:07  Drone x2  
  54  4:08  Drone x2  
  54  4:09  Drone x2  
  60  4:12  Overlord  
  60  4:14  Lair  
  60  4:18  Spore Crawler  
  60  4:21  Spore Crawler, Drone  
  60  4:22  Drone  
  60  4:27  Drone x3  
  60  4:29  Metabolic Boost  
  62  4:35  Evolution Chamber, Drone  
  62  4:38  Evolution Chamber  
  62  4:40  Drone x3  
  62  4:41  Drone  
  62  4:43  Overlord  
  65  4:46  Drone  
  65  4:47  Drone x2  
  65  4:51  Drone x3  
  71  4:56  Overlord  
  71  4:58  Drone x2  
  71  4:59  Drone  
  73  5:01  Extractor x2  
  73  5:04  Zerg Melee Weapons Level 1  
  73  5:05  Zerg Ground Armor Level 1  
  73  5:06  Overlord  
  71  5:13  Drone x2  
  73  5:16  Drone  
  73  5:17  Drone x3, Hydralisk Den, Extractor  
  73  5:18  Extractor  
  73  5:20  Overlord  
  74  5:21  Drone x2  
  74  5:25  Zergling x10  
  81  5:32  Drone  
  81  5:33  Drone x2  
  84  5:37  Overlord  
  84  5:41  Overlord  
  84  5:44  Overlord  
  84  5:48  Lurker Den  
  84  5:50  Zergling x18  
  84  5:51  Pneumatized Carapace  
  93  6:03  Hatchery  
  92  6:05  Overlord x2  
  92  6:11  Overseer  
  92  6:17  Hydralisk x2  
  92  6:18  Hydralisk x3  
  98  6:20  Drone x4  
  98  6:24  Overlord  
  106  6:25  Drone x3  
  107  6:34  Hydralisk x3  
  107  6:36  Drone x2  
  107  6:37  Drone  
  116  6:40  Spine Crawler  
  116  6:43  Spine Crawler  
  114  6:51  Overlord x2  
  114  6:53  Drone x5  
  119  6:56  Roach x2, Extractor  
  119  6:57  Roach  
  119  7:00  Roach x4  
  132  7:04  Zerg Melee Weapons Level 2  
  132  7:09  Zerg Ground Armor Level 2  
  132  7:14  Roach x4  
  139  7:18  Queen  
  140  7:29  Roach x8  
  156  7:33  Overlord  
  148  7:44  Hydralisk x5  
  148  7:47  Zergling x6  
  160  7:55  Extractor  
  160  7:58  Infestation Pit  
  158  8:02  Glial Reconstitution  
  158  8:07  Lurker x2  
  158  8:08  Lurker x4  
  158  8:12  Drone x4  
  168  8:14  Overlord  
  168  8:15  Overlord x4  
  166  8:21  Lurker x2  
  167  8:39  Hydralisk x2  
  167  8:40  Zergling x20  
  178  8:53  Hydralisk x5  
  178  8:54  Spine Crawler x2  
  184  8:55  Lurker  
  184  8:56  Overlord, Lurker x3  
  185  9:04  Hive, Hydralisk x2  
  185  9:05  Zergling x6  
  185  9:06  Zergling x2  
  187  9:13  Spore Crawler  
  187  9:15  Spore Crawler  
  180  9:23  Zergling x24  
  186  9:29  Drone x3  
  189  9:33  Spore Crawler  
  189  9:35  Spore Crawler  
  186  9:50  Lurker x3  
  186  9:51  Lurker x4  
  187  9:54  Zergling x24  
  195  10:20  Zergling x2  
  195  10:21  Zergling x18  
  169  10:41  Zerg Ground Armor Level 3, Zerg Melee Weapons Level 3  
  166  10:43  Ultralisk Cavern  
  166  10:48  Hydralisk  
  166  10:49  Hydralisk x9  
  150  10:58  Zergling x10  
  147  11:08  Drone x3  
  147  11:12  Spine Crawler  
  147  11:14  Spine Crawler  
  147  11:16  Spine Crawler  
  145  11:18  Lurker x2, Spine Crawler  
  145  11:20  Hatchery  
  145  11:21  Zergling x2  
  145  11:22  Zergling x24  
  157  11:27  Lurker  
  157  11:28  Lurker x4  
  157  11:32  Chitinous Plating  
  158  11:47  Queen  
  158  11:52  Spore Crawler  
  159  11:57  Ultralisk  
  159  11:58  Ultralisk x3  
  159  12:00  Zergling x8  
  137  12:35  Ultralisk x4, Zergling x2  
  153  12:40  Zergling x8  
  150  12:53  Zergling x12  
  146  13:08  Zergling x20  
  155  13:23  Swarm Host  
  147  13:28  Zergling x14  
  147  13:29  Zergling x6  
  154  13:39  Drone x3  
  154  13:40  Drone  
  158  13:44  Overseer  
  158  13:46  Overseer  
  135  13:56  Zergling x22  
  135  14:01  Viper  
  149  14:06  Drone x3  
  152  14:14  Viper x2  
  152  14:15  Viper x2  
  164  14:24  Drone x3, Extractor  
  164  14:25  Drone x2  
  164  14:26  Drone  
  169  14:41  Drone x2  
  171  14:57  Zergling x6  
  171  14:58  Zergling x36  
  178  15:20  Lurker  
  173  15:35  Zergling x34  
  190  15:39  Drone x3  
  193  15:43  Spire  
  193  15:45  Burrow  
  184  16:06  Zergling x2  
  184  16:07  Zergling x24  
  178  16:32  Zergling x24  
  180  16:33  Zergling x8  
Tags
 
Add a new tag
Caveats
  • Supply blocks, unpowered buildings, or Contaminate may cause inaccurate times.
  • Supply counts are checked every 10 seconds.